 Dungeon Crawl Stone Soup version 0.31-a0-1589-g8f5e8aebd6 (webtiles) character file.

Game seed: 16577724083480244147

39 CougarLife the Ruffian (level 3, -1/28 HPs)
             Began as a Gnoll Shapeshifter on Jan 6, 2024.
             Shot with a sling bullet by a goblin (3 damage)
             ... led by Robin
             ... on level 2 of the Dungeon.
             The game lasted 00:03:22 (1191 turns).

CougarLife the Ruffian (Gnoll Shapeshifter)         Turns: 1191, Time: 00:03:22

Health: -1/28      AC:  2    Str: 15    XL:     3   Next: 47%
Magic:  4/4        EV: 13    Int:  9    God:
Gold:   157        SH:  0    Dex: 11    Spells: 3/3 levels left

rFire   . .          .
                       - Unarmed
rCold   . . .        (no shield)
rNeg    . . .        a - +0 animal skin
rPois   .            (helmet currently unavailable)
rElec   .            (cloak currently unavailable)
rCorr   .            e - melded +2 pair of gloves
SInv    .            n - melded +0 pair of boots
Will    .....        (no amulet)
Stlth   +            (no ring)
HPRegen 0.24/turn    (no ring)
MPRegen 0.09/turn

%: no passive effects
@: beast-form
A: beast (slay +3), fangs 1, strong nose, distributed training
a: Begin Untransformation


You were on level 2 of the Dungeon.
You were a hulking beast.
You visited 1 branch of the dungeon, and saw 2 of its levels.

You collected 157 gold pieces.

Inventory:

Missiles
 f - 5 javelins (quivered)
Armour
 a - a +0 animal skin (worn)
 e - a +2 pair of gloves (melded)
 n - a +0 pair of boots (melded)
Talismans
 c - a beast talisman (active)
 d - a flux talisman
Scrolls
 h - a scroll of poison
 m - a scroll of fear {unknown}
Potions
 b - a potion of lignification
 g - a potion of cancellation {unknown}
 k - a potion of berserk rage {unknown}
 l - a potion of curing {unknown}
 o - a potion of magic {unknown}


   Skills:
 + Level 2.6 Fighting
 + Level 0.9 Short Blades
 + Level 0.9 Long Blades
 + Level 0.9 Axes
 + Level 0.9 Maces & Flails
 + Level 0.9 Polearms
 + Level 0.9 Staves
 + Level 0.9 Ranged Weapons
 + Level 0.9 Throwing
 + Level 0.9 Armour
 + Level 4.5 Dodging
 + Level 0.9 Stealth
 + Level 0.9 Shields
 + Level 6.5 Unarmed Combat
 + Level 0.9 Spellcasting
 + Level 0.6 Conjurations
 + Level 0.6 Hexes
 + Level 0.6 Summonings
 + Level 0.6 Necromancy
 + Level 0.6 Translocations
 + Level 0.6 Fire Magic
 + Level 0.6 Ice Magic
 + Level 0.6 Air Magic
 + Level 0.6 Earth Magic
 + Level 0.6 Alchemy
 + Level 1.0 Invocations
 + Level 0.9 Evocations
 + Level 6.5 Shapeshifting


You had 3 spell levels left.
You didn't know any spells.
Your spell library was empty.

Dungeon Overview and Level Annotations

Branches:
Dungeon (2/15)

Altars:

Annotations:
D:2 Robin


Innate Abilities, Weirdness & Mutations

You are a hulking beast.
Your limbs bulge with bestial killing power. (Slay +3)
You have very sharp teeth.
Your uncanny sense of smell can sniff out nearby items.
Your experience applies equally to all skills.


Message History

You hit the hobgoblin. You bite the hobgoblin.
You kill the hobgoblin!
You barely miss the goblin. Robin throws the goblin at you!
The goblin hits you with a +0 dagger.
The goblin unwields a +0 dagger.
The goblin wields a +0 sling.
The goblin shoots a sling bullet.
The sling bullet closely misses you. The goblin attacks as it pursues you!
The goblin hits you with a +0 dagger.
There is a stone staircase leading down here.
You miss the goblin. The goblin hits you with a +0 dagger.
You hit the goblin. You punch the goblin.
You kill the goblin!
You completely miss the goblin. You bite the goblin.
The goblin is moderately wounded.
The goblin hits you with a +0 dagger.
Okay, then.
As you read the scroll labelled CUF SUICKAYNAK, it crumbles to dust.
It is a scroll of identify.
h - a scroll of poison The goblin hits you with a +0 dagger.
* * * LOW HITPOINT WARNING * * *
As you read the scroll of identify, it crumbles to dust.
i - a scroll of fog The goblin no longer looks unusually strong.
The goblin misses you.
As you read the scroll of fog, it dissolves into smoke.
The goblin closely misses you. The goblin attacks as it pursues you!
The goblin barely misses you. The goblin hits you but does no damage.
The goblin attacks as it pursues you! The goblin hits you with a +0 dagger.
* * * LOW HITPOINT WARNING * * *
The goblin attacks as it pursues you! The goblin hits you with a +0 club.
* * * LOW HITPOINT WARNING * * *
The goblin attacks as it pursues you! The goblin closely misses you.
The goblin no longer looks unusually strong.
The goblin closely misses you.
The teleport trap disappears.
The goblin disappears!
The goblin attacks as it pursues you! The goblin hits you with a +0 club.
* * * LOW HITPOINT WARNING * * *
The goblin shoots a sling bullet.
The sling bullet hits you.
You die...

................###
....#########.....#
#.#.#########.#...#
....#.............#
#.#...#..#.....#..#
#.#...#..#.....#..#
#....###.##...##.##
#....#.#..#...#..#
#...##.##.##.##.h#
#...#...#..#.#..g#
#..##...##.###..g#
...#.....#..#.g.##
...#.....#§§#g..#
......†g§§...g###
..ggg###§###..#
..>#g§§§§§§..##
.g######§#§###


You could see a hobgoblin and 4 goblins.

Vanquished Creatures
  A gnoll (D:1)
  3 ball pythons
  3 endoplasms
  A giant cockroach (D:2)
  A goblin (D:2)
  4 hobgoblins
  3 quokkas
  4 bats (D:1)
  2 frilled lizards (D:1)
  4 kobolds (D:1)
  3 rats
29 creatures vanquished.

Notes
Turn   | Place    | Note
-------+----------+-------------------------------------------
     0 | D:1      | CougarLife the Gnoll Shapeshifter began the quest for the
                  | Orb.
     0 | D:1      | Reached XP level 1. HP: 17/17 MP: 1/1
    93 | D:1      | Reached XP level 2. HP: 7/23 MP: 2/2
   399 | D:1      | Reached XP level 3. HP: 28/28 MP: 3/3
  1082 | D:2      | Reached skill level 1 in Invocations
  1165 | D:2      | Noticed Robin
  1190 | D:2      | HP: 1/28 [goblin/+0 club[Robin] (3)]
  1191 | D:2      | Shot with a sling bullet by a goblin

Illustrated notes

Levels and vault maps discovered:
D:1:      roderic_crop_circles_arrival_small, layout_basic
D:2:      layout_loops_corners, basic_altar, minmay_unequal, uniq_robin

Skill      XL: |  1  2  3 |
---------------+----------+-----
Invocations    | 1 |  1.0
Fighting       | |  2.6
Short Blades   | |  0.9
Long Blades    | |  0.9
Axes           | |  0.9
Maces & Flails | |  0.9
Polearms       | |  0.9
Staves         | |  0.9
Ranged Weapons | |  0.9
Throwing       | |  0.9
Armour         | |  0.9
Dodging        | |  4.5
Stealth        | |  0.9
Shields        | |  0.9
Unarmed Combat | |  6.5
Spellcasting   | |  0.9
Conjurations   | |  0.6
Hexes          | |  0.6
Summonings     | |  0.6
Necromancy     | |  0.6
Translocations | |  0.6
Fire Magic     | |  0.6
Ice Magic      | |  0.6
Air Magic      | |  0.6
Earth Magic    | |  0.6
Alchemy        | |  0.6
Evocations     | |  0.9
Shapeshifting  | |  6.5

Action                     || total
---------------------------++-------
  Melee: Unarmed           ||    74
         Punch             ||     3
         Bite              ||     8
    Use: Scroll            ||     3
 Armour: Skin              ||     5
         Animal skin       ||    29
  Dodge: Dodged            ||    53
   Form: Beast             ||     4
                           ||     2
         Flux              ||     1

Table legend: (Time is in decaauts)
 A = Elapsed time spent in this place.
 B = Non-inter-level travel time spent in this place.
 C = Inter-level travel time spent in this place.
 D = Time resting spent in this place.
 E = Time spent auto-exploring this place.
 F = Levels seen in this place.
 G = Mean time per level.
                   A        B        C        D        E       F      G
               +--------+--------+--------+--------+--------+-----+--------+
         Total |   1182 |   1166 |     16 |     52 |    841 |   2 |  591.0 |
       Dungeon |   1182 |   1166 |     16 |     52 |    841 |   2 |  591.0 |
               +--------+--------+--------+--------+--------+-----+--------+

Top non-repeatable levels by time:
     D:1: 950 daAuts
     D:2: 232 daAuts
